 Dungeon Crawl Stone Soup version 0.17-a0-477-g451446c (webtiles) character file.

77 inmateoo the Insei (level 4, -2/25 HPs)
             Began as a Tengu Transmuter on Apr 7, 2015.
             Was a Follower of Cheibriados.
             Slain by a gnoll
             ... wielding a +0 flail
              (12 damage)
             ... on level 3 of the Dungeon.
             The game lasted 00:05:03 (2548 turns).

inmateoo the Insei (Tengu Transmuter)               Turns: 2548, Time: 00:05:04

Health: -2/25      AC:  2    Str: 13    XL:     4   Next: 33%
Magic:  5/9        EV: 20    Int: 16    God:    Cheibriados [*.....]
Gold:   138        SH:  0    Dex: 21    Spells: 3 memorised, 2 levels left

rFire  . . .     SeeInvis .       - Unarmed
rCold  . . .     Clarity  .     (armour currently unavailable)
rNeg   . . .     SustAb   .     (shield currently unavailable)
rPois  x         Gourm    .     (helmet currently unavailable)
rElec  .         Spirit   .     (cloak currently unavailable)
rCorr  .         Warding  .     (gloves currently unavailable)
rMut   .         Stasis   .     (boots unavailable)
MR     .....                    (no amulet)
Stlth  ++........               (no ring)
                                (no ring)

@: spider-form, very slow, not resistant to hostile enchantments, unstealthy
A: (beak), (talons 0)
a: End Transformation, Bend Time, Renounce Religion


You were on level 3 of the Dungeon.
You worshipped Cheibriados.
Cheibriados was aware of your devotion.
You were not hungry.
You were a venomous arachnid creature.
You visited 1 branch of the dungeon, and saw 3 of its levels.

You collected 138 gold pieces.

Inventory:

Hand weapons
 p - a +0 quarterstaff
Missiles
 b - 11 arrows
Armour
 c - a +1 robe (melded)
 l - a +0 cloak (melded)
Scrolls
 m - a scroll of teleportation
 r - 2 scrolls of remove curse
Potions
 e - 3 potions of curing {unknown}
 h - a potion of haste {unknown}
 i - a potion of lignification {unknown}
 j - a potion of cancellation {unknown}
 k - a potion of agility {unknown}
 u - a potion of heal wounds
Books
 d - a book of Changes

   Spells                             Type                      Level
   a - Beastly Appendage              Transmutation                1
   b - Sticks to Snakes               Transmutation                2
   c - Spider Form                    Transmutation/Poison         3
   d - Ice Form                       Ice/Transmutation            4
   e - Blade Hands                    Transmutation                5
Comestibles
 a - a bread ration
 f - 3 meat rations
 g - 2 beef jerkies


   Skills:
 - Level 1.0 Fighting
 - Level 2.1 Dodging
 + Level 4.0 Unarmed Combat
 + Level 2.7 Spellcasting
 * Level 2.7 Transmutations


You had 2 spell levels left.
You knew the following spells:

 Your Spells              Type           Power        Failure   Level  Hunger
a - Beastly Appendage     Trmt           ##....       24%         1    #......
b - Sticks to Snakes      Trmt           ##........   28%         2    ##.....
c - Spider Form           Trmt/Pois      #.........   56%         3    ###....


Dungeon Overview and Level Annotations

Branches:
Dungeon (3/15)

Altars:
Cheibriados
Qazlal
Trog
Zin
The Shining One

Annotations:
D:2 1 exclusion


Innate Abilities, Weirdness & Mutations

((You have a beak for a mouth.))
((You have claws for feet.))


Message History

Casting: Beastly Appendage
Confirm with . or Enter, or press ? or * to list all spells.
You grow a pair of large bovine horns.
Your transformation is almost over.
The gnoll hits you with a flail!
Ouch! That really hurt!
Casting: Beastly Appendage
Confirm with . or Enter, or press ? or * to list all spells.
Okay, then.
Drink which item? (? for menu, Esc to quit)
Okay, then.
Drink which item? (? for menu, Esc to quit)
Okay, then.
Casting: Beastly Appendage
Confirm with . or Enter, or press ? or * to list all spells.
Your horns disappear.
You turn into a venomous arachnid creature.
Your +0 cloak melds into your body.
Your +1 robe melds into your body.
The gnoll hits you with a flail!
You die...

############........#
#...................#
#.############+####.# #.#
*,* *.* #.# *,* *,* #.#
*,* *,* #.# *,# *,***
###.############.###*,,,,
#.......sg...........****
############g........*
#g........* #..g.....,*
#..g.....,* #........,*
#.......,,* #......,,,*
######*****


You could see 2 gnolls.

Vanquished Creatures
  2 adders (D:2)
  2 giant geckos
  5 bats
  2 giant cockroaches (D:2)
  2 goblins
  6 hobgoblins
  16 jackals
  7 kobolds
  A quokka (D:3)
  A ball python (D:1)
  6 rats
50 creatures vanquished.

Vanquished Creatures (collateral kills)
  An ooze (D:1)
1 creature vanquished.

Grand Total: 51 creatures vanquished

Notes
Turn   | Place    | Note
--------------------------------------------------------------
     0 | D:1      | inmateoo, the Tengu Transmuter, began the quest for the Orb.
     0 | D:1      | Reached XP level 1. HP: 12/12 MP: 4/4
     2 | D:1      | Noticed a naga
     4 | D:1      | Noticed a centaur
     6 | D:1      | Noticed a troll
     6 | D:1      | Noticed a dwarf
     8 | D:1      | Noticed a vampire
     8 | D:1      | Noticed a merfolk
    10 | D:1      | Noticed a human
    10 | D:1      | Noticed a felid
    12 | D:1      | Noticed a demonspawn
    12 | D:1      | Noticed a draconian
    14 | D:1      | Noticed an elf
    16 | D:1      | Noticed a minotaur
    16 | D:1      | Noticed a spriggan
    22 | D:1      | Noticed an octopode
    24 | D:1      | Noticed a gargoyle
    26 | D:1      | Noticed a formicid
    26 | D:1      | Noticed a ghoul
    28 | D:1      | Noticed a tengu
    28 | D:1      | Noticed a vine stalker
    30 | D:1      | Noticed a demigod
    30 | D:1      | Noticed an ogre
   174 | D:1      | Reached XP level 2. HP: 16/16 MP: 4/6
   188 | D:1      | Learned a level 2 spell: Sticks to Snakes
   935 | D:1      | Reached XP level 3. HP: 17/20 MP: 7/7
   998 | D:1      | Learned a level 3 spell: Spider Form
  1451 | D:2      | Noticed a moth of wrath
  1454 | D:2      | Found a bloodstained altar of Trog.
  1622 | D:2      | Found a glowing golden altar of the Shining One.
  1625 | D:2      | Found a glowing silver altar of Zin.
  1628 | D:2      | Found a snail-covered altar of Cheibriados.
  1632 | D:2      | Became a worshipper of Cheibriados the Contemplative
  1976 | D:2      | Reached XP level 4. HP: 21/25 MP: 6/9
  2222 | D:2      | Acquired Cheibriados's first power
  2253 | D:2      | Found a stormy altar of Qazlal.
  2435 | D:3      | Reached skill level 4 in Unarmed Combat
  2548 | D:3      | Slain by a gnoll

Action                   |  1- 3 |  4- 6 || total
-------------------------+-------+-------++-------
Melee: Unarmed           |   104 |    40 ||   144
 Cast: Beastly Appendage |    16 |     5 ||    21
       Sticks to Snakes  |     1 |       ||     1
       Spider Form       |       |     1 ||     1
  Use: Scroll            |     6 |     5 ||    11
 Stab: Sleeping          |     1 |       ||     1
  Eat: Chunk             |     4 |     1 ||     5
